Knights vs Harfangs
Created - 3 novembre 2016 at 00:14
Goals
|
Knights |
1 |
3 |
1 |
5 |
Harfangs |
1 |
2 |
0 |
3 |
|
Shots
|
Knights |
16 |
19 |
2 |
37 |
Harfangs |
15 |
13 |
4 |
32 |
|
1st period
1. Knights , Jason Zucker 1 (Nikita Nikitin) at 3:00 (PP)
2. Harfangs , Mika Zibanejad 1 (Brock Nelson) at 19:43 (PP)
Penalties :
Dustin Jeffrey (BEA) for Hooking (Minor) at 2:27, James Wright (Lon) for Interference (Minor) at 18:42
2nd period
3. Harfangs , Calle Jarnkrok 1 (Mike Hoffman, Nathan Beaulieu) at 3:12
4. Harfangs , Brock Nelson 4 (Dennis Everberg, Reid McNeill) at 4:47
5. Knights , James Wright 3 (Kevin Hayes) at 6:33
6. Knights , Kevin Hayes 1 (Scott Lehman, James Wright) at 6:43
7. Knights , Ronalds Kenins 1 (Cody Bass) at 17:35
Penalties :
Tomas Tatar (BEA) for Tripping (Minor) at 11:56
3rd period
8. Knights , Joe Colborne 1 (Jason Zucker, Michael Raffl) at 8:49
Penalties :
Scott Lehman (Lon) for Roughing (Minor) at 5:17, Ronalds Kenins (Lon) for Tripping (Minor) at 8:57
Goalie Stats
Jeff Glass (Lon), 29 saves from 32 shots - (0,906), W, 2-0-0, 60:00 minutes
Darcy Kuemper (BEA), 32 saves from 37 shots - (0,865), L, 0-2-1, 60:00 minutes
Players Stats for Knights
Player Name G A P +/- PIM S H SB GA TA FO MP PP MP PK MP
------------------------------------------------------------------------------------
A.J. Jenks 0 0 0 0 0 2 2 0 0 0 0/0 7:05 0:00 0:00
Alan Quine 0 0 0 0 0 0 2 0 0 0 3/6 10:27 0:00 1:30
Brett Connolly 0 0 0 1 0 3 1 0 0 0 0/1 12:12 0:00 0:00
Cody Bass 0 1 1 1 0 2 0 0 0 1 6/13 16:21 0:00 3:00
James Wright 1 1 2 2 2 4 0 1 2 0 17/29 19:40 1:33 2:16
Jason Zucker 1 1 2 -1 0 3 1 0 1 0 0/0 17:45 0:59 0:16
Joe Colborne 1 0 1 -1 0 2 0 1 0 0 8/15 17:33 0:59 1:13
Josh Jooris 0 0 0 0 0 2 2 0 0 0 0/0 11:03 0:00 0:00
Kevin Hayes 1 1 2 2 0 1 0 0 0 0 0/1 17:10 1:33 0:00
Linden Vey 0 0 0 -2 0 2 0 0 0 1 0/0 10:25 0:59 0:00
Michael Raffl 0 1 1 3 0 4 0 0 0 0 0/0 20:09 1:33 1:43
Michael Stone 0 0 0 2 0 2 1 0 0 0 0/0 15:10 0:41 2:13
Nikita Nikitin 0 1 1 0 0 3 1 2 2 1 0/0 22:59 1:51 0:00
Ronalds Kenins 1 0 1 1 2 4 2 0 0 0 0/1 13:50 0:00 0:00
Scott Jackson 0 0 0 0 0 0 1 1 0 0 0/0 18:57 0:41 2:13
Scott Lehman 0 1 1 2 2 0 1 0 0 1 0/0 13:28 0:00 0:00
Tomas Kundratek 0 0 0 0 0 3 1 4 1 2 0/0 28:38 1:51 2:46
Zach Trotman 0 0 0 0 0 0 3 2 0 0 0/0 22:06 0:00 2:46
Players Stats for Harfangs
Player Name G A P +/- PIM S H SB GA TA FO MP PP MP PK MP
------------------------------------------------------------------------------------
Andrew Orpik 0 0 0 0 0 1 2 0 0 1 0/0 20:04 2:11 0:38
Brandon Pirri 0 0 0 -1 0 2 0 1 0 1 4/8 11:46 0:04 0:11
Brian Lashoff 0 0 0 -3 0 4 0 3 0 1 0/0 27:13 2:48 1:54
Brock Nelson 1 1 2 0 0 5 2 1 0 1 0/0 18:38 2:18 1:50
Calle Jarnkrok 1 0 1 1 0 3 2 1 0 1 7/8 12:02 0:00 0:46
Cam Fowler 0 0 0 -3 0 0 1 1 1 0 0/0 27:13 2:48 1:54
Dennis Everberg 0 1 1 -2 0 0 0 0 0 0 0/2 19:02 2:37 0:00
Dustin Jeffrey 0 0 0 -2 2 2 3 2 0 0 2/5 20:20 2:37 1:26
Emerson Etem 0 0 0 0 0 1 0 0 0 0 0/0 16:26 2:18 0:00
Jean-Gabriel Pageau 0 0 0 -2 0 1 2 0 3 1 14/32 19:38 2:37 0:31
Joel Armia 0 0 0 -1 0 0 2 0 0 0 0/1 11:17 0:04 0:00
Mark Alt 0 0 0 1 0 0 0 2 0 0 0/0 12:43 0:00 0:00
Mika Zibanejad 1 0 1 0 0 6 0 0 1 0 5/10 16:24 2:18 0:00
Mike Hoffman 0 1 1 1 0 3 0 0 0 0 0/0 12:10 0:04 0:11
Nathan Beaulieu 0 1 1 0 0 0 2 3 0 0 0/0 20:04 2:11 0:38
Reid McNeill 0 1 1 1 0 0 0 0 0 0 0/0 12:43 0:00 0:00
Sebastian Wannstrom 0 0 0 1 0 2 0 0 0 0 0/0 9:11 0:00 0:00
Tomas Tatar 0 0 0 -1 2 2 0 0 1 0 0/0 10:32 0:00 0:09
3 Stars
1 - Kevin Hayes (Lon)
2 - Brock Nelson (BEA)
3 - James Wright (Lon)
Power Play
Knights - 1 on 2 Attempt(s) - 50,00%
Harfangs - 1 on 3 Attempt(s) - 33,33%
Penalty Kill
Knights - 2 on 3 Attempt(s) - 66,67%
- Score 0 goal in Penalty Kill
Harfangs - 1 on 2 Attempt(s) - 50,00%
- Score 0 goal in Penalty Kill
Team Stat
Knights - Hits : 18 - Faceoff Wins : 34 - Blocked Shots : 11 - Penalty Minutes : 6
Harfangs - Hits : 16 - Faceoff Wins : 32 - Blocked Shots : 14 - Penalty Minutes : 4
Official
Referees : O'Halloran Dan and Morton Dean
Linesman : Derek Nansen and Jonny Murray
Game Notes
Linden Vey is injured at 16:41 of 2nd period (Upper Body)
Sebastian Wannstrom is injured at 8:35 of 3rd period (Right Knee)
Finance
Level 1 -- Attendance: 1419 (70,95%) -- Ticket Income 42 570 $
Level 2 -- Attendance: 659 (65,90%) -- Ticket Income 9 885 $
Total Attendance: 2078 (69,27%)
Total Ticket Income: 52 455 $
Other Income: 2 623 $
Total Income: 55 078 $
Knights
5 vs 5 Forward
Center Left Wing Right Wing Time % Phy DF OF
1 James Wright Michael Raffl Kevin Hayes 31 1 1 3
2 Joe Colborne Jason Zucker Linden Vey 29 1 1 3
3 Cody Bass Ronalds Kenins Brett Connolly 25 1 1 3
4 Alan Quine A.J. Jenks Josh Jooris 15 1 2 2
5 vs 5 Defense
Defense Defense Time % Phy DF OF
1 Tomas Kundratek Zach Trotman 35 1 3 1
2 Scott Jackson Nikita Nikitin 30 1 3 1
3 Scott Lehman Michael Stone 22 1 3 1
4 Tomas Kundratek Nikita Nikitin 13 1 2 2
PowerPlay Forward
Center Left Wing Right Wing Time % Phy DF OF
1 James Wright Michael Raffl Kevin Hayes 60 0 0 5
2 Joe Colborne Jason Zucker Linden Vey 40 0 0 5
PowerPlay Defense
Defense Defense Time % Phy DF OF
1 Nikita Nikitin Tomas Kundratek 60 0 1 4
2 Michael Stone Scott Jackson 40 0 1 4
Penalty Kill 4 Players Forward
Center Wing Time % Phy DF OF
1 James Wright Cody Bass 60 0 4 1
2 Joe Colborne Michael Raffl 40 0 4 1
Penalty Kill 4 Players Defense
Defense Defense Time % Phy DF OF
1 Tomas Kundratek Zach Trotman 60 1 4 0
2 Scott Jackson Michael Stone 40 1 4 0
Penalty Kill - 3 Players Forward
Forward Time % Phy DF OF
1 James Wright 60 0 4 1
2 Michael Raffl 40 0 4 1
Penalty Kill - 3 Players Defense
Defense Defense Time % Phy DF OF
1 Tomas Kundratek Zach Trotman 60 0 4 1
2 Nikita Nikitin Scott Jackson 40 0 4 1
4 vs 4 Forward
Center Wing Time % Phy DF OF
1 James Wright Michael Raffl 60 1 2 2
2 Joe Colborne Jason Zucker 40 1 2 2
4 vs 4 Defense
Defense Defense Time % Phy DF OF
1 Nikita Nikitin Tomas Kundratek 60 1 2 2
2 Zach Trotman Scott Jackson 40 1 2 2
Last Minutes Offensive
Center Left Wing Right Wing Defense Defense
James Wright Michael Raffl Joe Colborne Tomas Kundratek Nikita Nikitin
Last Minutes Defensive
Center Left Wing Right Wing Defense Defense
James Wright Michael Raffl Joe Colborne Tomas Kundratek Nikita Nikitin
Goaltenders
Starting : Jeff Glass
Backup : Mark Dekanich
Extra Forwards
Normal : Joe Colborne, Michael Raffl, James Wright - PP : James Wright, Michael Raffl - PK : James Wright
Extra Defensemen
Normal : Nikita Nikitin, Scott Jackson, Tomas Kundratek - PP : Tomas Kundratek - PK : Nikita Nikitin, Tomas Kundratek
Penalty Shots
Kevin Hayes, Michael Raffl, Josh Jooris, James Wright, Joe Colborne
Harfangs
5 vs 5 Forward
Center Left Wing Right Wing Time % Phy DF OF
1 Jean-Gabriel Pageau Dustin Jeffrey Dennis Everberg 40 1 2 2
2 Mika Zibanejad Brock Nelson Emerson Etem 30 1 2 2
3 Brandon Pirri Tomas Tatar Joel Armia 20 1 2 2
4 Calle Jarnkrok Mike Hoffman Sebastian Wannstrom 10 1 2 2
5 vs 5 Defense
Defense Defense Time % Phy DF OF
1 Cam Fowler Brian Lashoff 40 1 2 2
2 Andrew Orpik Nathan Beaulieu 30 1 2 2
3 Mark Alt Reid McNeill 20 1 2 2
4 Cam Fowler Brian Lashoff 10 1 2 2
PowerPlay Forward
Center Left Wing Right Wing Time % Phy DF OF
1 Jean-Gabriel Pageau Dustin Jeffrey Dennis Everberg 60 1 2 2
2 Mika Zibanejad Brock Nelson Emerson Etem 40 1 2 2
PowerPlay Defense
Defense Defense Time % Phy DF OF
1 Cam Fowler Brian Lashoff 60 1 2 2
2 Andrew Orpik Nathan Beaulieu 40 1 2 2
Penalty Kill 4 Players Forward
Center Wing Time % Phy DF OF
1 Dustin Jeffrey Brock Nelson 60 1 2 2
2 Tomas Tatar Jean-Gabriel Pageau 40 1 2 2
Penalty Kill 4 Players Defense
Defense Defense Time % Phy DF OF
1 Cam Fowler Brian Lashoff 60 1 2 2
2 Andrew Orpik Nathan Beaulieu 40 1 2 2
Penalty Kill - 3 Players Forward
Forward Time % Phy DF OF
1 Dustin Jeffrey 60 1 2 2
2 Brock Nelson 40 1 2 2
Penalty Kill - 3 Players Defense
Defense Defense Time % Phy DF OF
1 Cam Fowler Brian Lashoff 60 1 2 2
2 Andrew Orpik Nathan Beaulieu 40 1 2 2
4 vs 4 Forward
Center Wing Time % Phy DF OF
1 Dustin Jeffrey Brock Nelson 60 1 2 2
2 Tomas Tatar Jean-Gabriel Pageau 40 1 2 2
4 vs 4 Defense
Defense Defense Time % Phy DF OF
1 Cam Fowler Brian Lashoff 60 1 2 2
2 Andrew Orpik Nathan Beaulieu 40 1 2 2
Last Minutes Offensive
Center Left Wing Right Wing Defense Defense
Jean-Gabriel Pageau Dustin Jeffrey Dennis Everberg Cam Fowler Brian Lashoff
Last Minutes Defensive
Center Left Wing Right Wing Defense Defense
Jean-Gabriel Pageau Dustin Jeffrey Dennis Everberg Cam Fowler Brian Lashoff
Goaltenders
Starting : Darcy Kuemper
Backup : Mark Visentin
Extra Forwards
Normal : Mike Hoffman, Brandon Pirri, Calle Jarnkrok - PP : Mike Hoffman, Brandon Pirri - PK : Calle Jarnkrok
Extra Defensemen
Normal : Mark Alt, Reid McNeill, Andrew Orpik - PP : Mark Alt - PK : Reid McNeill, Andrew Orpik
Penalty Shots
Dustin Jeffrey, Brock Nelson, Tomas Tatar, Jean-Gabriel Pageau, Mike Hoffman
% Time on Ice - Knights
Lines # - Real PCT - Wanted PCT - Time Play
Normal Forward
1 - 30% - 31% - 15:40
2 - 35% - 29% - 18:18
3 - 22% - 25% - 11:31
4 - 13% - 15% - 7:00
Normal Defense
1 - 36% - 35% - 19:05
2 - 31% - 30% - 16:18
3 - 23% - 22% - 12:10
4 - 9% - 13% - 4:56
PP Forward
1 - 61% - 60% - 1:33
2 - 39% - 40% - 0:59
PP Defense
1 - 73% - 60% - 1:51
2 - 27% - 40% - 0:41
PK Forward
1 - 81% - 60% - 4:03
2 - 19% - 40% - 0:56
PK Defense
1 - 56% - 60% - 2:46
2 - 44% - 40% - 2:13
PK3 Forward
1 - 0% - 60%
2 - 0% - 40%
PK3 Defense
1 - 0% - 60%
2 - 0% - 40%
44 Forward
1 - 0% - 60%
2 - 0% - 40%
44 Defense
1 - 0% - 60%
2 - 0% - 40%
Last Minute Offensive - 0:00
Last Minute Defensive - 0:00
Total
Forward - 60:00
Defense - 60:00
|
% Time on Ice - Harfangs
Lines # - Real PCT - Wanted PCT - Time Play
Normal Forward
1 - 33% - 40% - 17:05
2 - 30% - 30% - 15:39
3 - 18% - 20% - 9:34
4 - 19% - 10% - 10:11
Normal Defense
1 - 37% - 40% - 19:39
2 - 33% - 30% - 17:15
3 - 24% - 20% - 12:43
4 - 5% - 10% - 2:52
PP Forward
1 - 54% - 60% - 2:41
2 - 46% - 40% - 2:18
PP Defense
1 - 56% - 60% - 2:48
2 - 44% - 40% - 2:11
PK Forward
1 - 80% - 60% - 2:01
2 - 20% - 40% - 0:31
PK Defense
1 - 75% - 60% - 1:54
2 - 25% - 40% - 0:38
PK3 Forward
1 - 0% - 60%
2 - 0% - 40%
PK3 Defense
1 - 0% - 60%
2 - 0% - 40%
44 Forward
1 - 0% - 60%
2 - 0% - 40%
44 Defense
1 - 0% - 60%
2 - 0% - 40%
Last Minute Offensive - 0:00
Last Minute Defensive - 0:00
Total
Forward - 60:00
Defense - 60:00
|
Play by Play
1st period
0:01 of 1st period - James Wright wins face-off versus Jean-Gabriel Pageau in neutral zone.
0:26 of 1st period - Slapshot by Brock Nelson.
0:26 of 1st period - Deflect By Mika Zibanejad.
0:26 of 1st period - Shot Misses the Net.
0:26 of 1st period - Puck is out of play.
0:27 of 1st period - Joe Colborne wins face-off versus Mika Zibanejad in Knights zone.
0:40 of 1st period - Snap shot by Mika Zibanejad.
0:40 of 1st period - Stopped by Jeff Glass with a rebound.
1:13 of 1st period - Mark Alt is hit by Michael Stone and loses puck.
1:39 of 1st period - Wrist shot by Jean-Gabriel Pageau.
1:39 of 1st period - Shot Misses the Net.
1:55 of 1st period - Wrist shot by Jason Zucker.
1:55 of 1st period - Shot Misses the Net.
2:11 of 1st period - Snap shot by James Wright.
2:11 of 1st period - Shot Blocked by Brian Lashoff.
2:13 of 1st period - Snap shot by James Wright.
2:13 of 1st period - Shot Misses the Net.
2:15 of 1st period - Wrist shot by James Wright.
2:15 of 1st period - Stopped by Darcy Kuemper with a rebound.
2:17 of 1st period - Wrist shot by Kevin Hayes.
2:17 of 1st period - Deflect By Michael Raffl.
2:17 of 1st period - Shot Misses the Net.
2:17 of 1st period - Puck is out of play.
2:18 of 1st period - James Wright wins face-off versus Jean-Gabriel Pageau in Harfangs zone.
2:25 of 1st period - Wrist shot by Kevin Hayes.
2:25 of 1st period - Shot Blocked by Nathan Beaulieu.
2:27 of 1st period - Minor Penalty to Dustin Jeffrey for Hooking.
2:28 of 1st period - Calle Jarnkrok wins face-off versus James Wright in Harfangs zone.
2:45 of 1st period - James Wright is hit by Brock Nelson and loses puck.
3:00 of 1st period - Slapshot by Jason Zucker.
3:00 of 1st period - Goal by Jason Zucker - Knights : 1 - Harfangs : 0.
3:01 of 1st period - Cody Bass wins face-off versus Jean-Gabriel Pageau in neutral zone.
3:35 of 1st period - Tomas Tatar is hit by Scott Jackson and loses puck.
3:50 of 1st period - Wrist shot by Emerson Etem.
3:50 of 1st period - Shot Misses the Net.
3:54 of 1st period - Slapshot by Brock Nelson.
3:54 of 1st period - Shot Misses the Net.
3:56 of 1st period - Wrist shot by Mika Zibanejad.
3:56 of 1st period - Stopped by Jeff Glass with a rebound.
4:11 of 1st period - Wrist shot by Michael Raffl.
4:11 of 1st period - Stopped by Darcy Kuemper with a rebound.
4:17 of 1st period - Wrist shot by Michael Raffl.
4:17 of 1st period - Stopped by Darcy Kuemper without a rebound.
4:18 of 1st period - Jean-Gabriel Pageau wins face-off versus Cody Bass in Harfangs zone.
4:29 of 1st period - Wrist shot by Dustin Jeffrey.
4:29 of 1st period - Shot Misses the Net.
4:31 of 1st period - Slapshot by Dustin Jeffrey.
4:31 of 1st period - Stopped by Jeff Glass without a rebound.
4:32 of 1st period - Brandon Pirri wins face-off versus Joe Colborne in Knights zone.
4:33 of 1st period - Wrist shot by Tomas Tatar.
4:33 of 1st period - Stopped by Jeff Glass without a rebound.
4:34 of 1st period - Brandon Pirri wins face-off versus Joe Colborne in Knights zone.
4:59 of 1st period - Tomas Kundratek is hit by Andrew Orpik and loses puck.
5:10 of 1st period - Snap shot by Ronalds Kenins.
5:10 of 1st period - Stopped by Darcy Kuemper with a rebound.
5:28 of 1st period - Wrist shot by Mika Zibanejad.
5:28 of 1st period - Stopped by Jeff Glass with a rebound.
5:30 of 1st period - Wrist shot by Brock Nelson.
5:30 of 1st period - Shot Misses the Net.
5:44 of 1st period - Slapshot by Zach Trotman.
5:44 of 1st period - Deflect By A.J. Jenks.
5:44 of 1st period - Shot Blocked by Brian Lashoff.
5:44 of 1st period - Puck is out of play.
5:45 of 1st period - Alan Quine wins face-off versus Calle Jarnkrok in Harfangs zone.
5:54 of 1st period - Snap shot by A.J. Jenks.
5:54 of 1st period - Stopped by Darcy Kuemper with a rebound.
5:56 of 1st period - Snap shot by A.J. Jenks.
5:56 of 1st period - Stopped by Darcy Kuemper without a rebound.
5:57 of 1st period - Jean-Gabriel Pageau wins face-off versus Joe Colborne in Harfangs zone.
6:11 of 1st period - Snap shot by Dustin Jeffrey.
6:11 of 1st period - Stopped by Jeff Glass without a rebound.
6:12 of 1st period - James Wright wins face-off versus Brandon Pirri in Knights zone.
6:39 of 1st period - Icing by Ronalds Kenins.
6:40 of 1st period - Mika Zibanejad wins face-off versus Cody Bass in Knights zone.
6:41 of 1st period - Snap shot by Brock Nelson.
6:41 of 1st period - Deflect By Mika Zibanejad.
6:41 of 1st period - Shot Misses the Net.
6:41 of 1st period - Puck is out of play.
6:42 of 1st period - Mika Zibanejad wins face-off versus Cody Bass in Knights zone.
6:49 of 1st period - Snap shot by Brock Nelson.
6:49 of 1st period - Stopped by Jeff Glass with a rebound.
7:18 of 1st period - Wrist shot by Dustin Jeffrey.
7:18 of 1st period - Shot Misses the Net.
7:30 of 1st period - Snap shot by Michael Raffl.
7:30 of 1st period - Shot Blocked by Nathan Beaulieu.
7:32 of 1st period - Slapshot by Tomas Kundratek.
7:32 of 1st period - Shot Blocked by Nathan Beaulieu.
7:54 of 1st period - Snap shot by A.J. Jenks.
7:54 of 1st period - Deflect By Josh Jooris.
7:54 of 1st period - Stopped by Darcy Kuemper with a rebound.
8:10 of 1st period - Cam Fowler is hit by Brett Connolly and loses puck.
8:21 of 1st period - Slapshot by Cody Bass.
8:21 of 1st period - Stopped by Darcy Kuemper with a rebound.
9:12 of 1st period - Snap shot by Joe Colborne.
9:12 of 1st period - Shot Blocked by Brandon Pirri.
9:14 of 1st period - Wrist shot by Linden Vey.
9:14 of 1st period - Stopped by Darcy Kuemper without a rebound.
9:15 of 1st period - Mika Zibanejad wins face-off versus James Wright in Harfangs zone.
9:48 of 1st period - Slapshot by Ronalds Kenins.
9:48 of 1st period - Stopped by Darcy Kuemper without a rebound.
9:49 of 1st period - Cody Bass wins face-off versus Dennis Everberg in Harfangs zone.
9:56 of 1st period - Snap shot by Cody Bass.
9:56 of 1st period - Shot Blocked by Dustin Jeffrey.
9:58 of 1st period - Slapshot by Michael Stone.
9:58 of 1st period - Deflect By Dustin Jeffrey.
9:58 of 1st period - Stopped by Darcy Kuemper with a rebound.
10:00 of 1st period - Slapshot by Scott Lehman.
10:00 of 1st period - Shot Misses the Net.
10:02 of 1st period - Slapshot by Scott Lehman.
10:02 of 1st period - Shot Blocked by Mark Alt.
10:04 of 1st period - Slapshot by Scott Lehman.
10:04 of 1st period - Shot Misses the Net.
10:14 of 1st period - A.J. Jenks is hit by Joel Armia and loses puck.
10:59 of 1st period - Snap shot by Joe Colborne.
10:59 of 1st period - Shot Blocked by Calle Jarnkrok.
11:01 of 1st period - Slapshot by Tomas Kundratek.
11:01 of 1st period - Shot Blocked by Brian Lashoff.
11:19 of 1st period - Wrist shot by Jean-Gabriel Pageau.
11:19 of 1st period - Shot Misses the Net.
11:21 of 1st period - Snap shot by Dennis Everberg.
11:21 of 1st period - Deflect By Jean-Gabriel Pageau.
11:21 of 1st period - Stopped by Jeff Glass with a rebound.
11:23 of 1st period - Backhand shot by Cam Fowler.
11:23 of 1st period - Shot Misses the Net.
11:46 of 1st period - Tomas Tatar is hit by A.J. Jenks and loses puck.
12:05 of 1st period - Snap shot by Brock Nelson.
12:05 of 1st period - Stopped by Jeff Glass without a rebound.
12:06 of 1st period - James Wright wins face-off versus Dustin Jeffrey in Knights zone.
12:13 of 1st period - Slapshot by Michael Raffl.
12:13 of 1st period - Shot Misses the Net.
12:23 of 1st period - Zach Trotman is hit by Dustin Jeffrey and loses puck.
13:24 of 1st period - Wrist shot by Brett Connolly.
13:24 of 1st period - Stopped by Darcy Kuemper without a rebound.
13:25 of 1st period - Calle Jarnkrok wins face-off versus Cody Bass in Harfangs zone.
13:40 of 1st period - Wrist shot by Calle Jarnkrok.
13:40 of 1st period - Deflect By Cody Bass.
13:40 of 1st period - Shot Blocked by Zach Trotman.
13:40 of 1st period - Puck is out of play.
13:41 of 1st period - Joe Colborne wins face-off versus Jean-Gabriel Pageau in Knights zone.
13:41 of 1st period - Joe Colborne is hit by Nathan Beaulieu.
14:06 of 1st period - Nathan Beaulieu is hit by Tomas Kundratek.
14:28 of 1st period - Slapshot by Brock Nelson.
14:28 of 1st period - Stopped by Jeff Glass with a rebound.
14:36 of 1st period - Slapshot by Andrew Orpik.
14:36 of 1st period - Stopped by Jeff Glass with a rebound.
15:20 of 1st period - Wrist shot by Calle Jarnkrok.
15:20 of 1st period - Stopped by Jeff Glass with a rebound.
15:57 of 1st period - Slapshot by Zach Trotman.
15:57 of 1st period - Shot Hit the Post.
15:59 of 1st period - Slapshot by Michael Raffl.
15:59 of 1st period - Deflect By James Wright.
15:59 of 1st period - Stopped by Darcy Kuemper with a rebound.
16:17 of 1st period - Brian Lashoff is hit by A.J. Jenks and loses puck.
16:38 of 1st period - Wrist shot by Joe Colborne.
16:38 of 1st period - Deflect By Jason Zucker.
16:38 of 1st period - Stopped by Darcy Kuemper with a rebound.
17:31 of 1st period - Snap shot by Josh Jooris.
17:31 of 1st period - Stopped by Darcy Kuemper with a rebound.
17:45 of 1st period - Tomas Kundratek is hit by Jean-Gabriel Pageau and loses puck.
18:19 of 1st period - Snap shot by Mike Hoffman.
18:19 of 1st period - Stopped by Jeff Glass with a rebound.
18:21 of 1st period - Snap shot by Mika Zibanejad.
18:21 of 1st period - Shot Blocked by Nikita Nikitin.
18:23 of 1st period - Slapshot by Mika Zibanejad.
18:23 of 1st period - Stopped by Jeff Glass with a rebound.
18:25 of 1st period - Wrist shot by Brock Nelson.
18:25 of 1st period - Deflect By Emerson Etem.
18:25 of 1st period - Shot Blocked by Scott Jackson.
18:25 of 1st period - Puck is out of play.
18:26 of 1st period - Mika Zibanejad wins face-off versus James Wright in Knights zone.
18:42 of 1st period - Minor Penalty to James Wright for Interference.
18:43 of 1st period - Alan Quine wins face-off versus Jean-Gabriel Pageau in Knights zone.
18:43 of 1st period - Alan Quine is hit by Jean-Gabriel Pageau.
19:19 of 1st period - Off-side.
19:20 of 1st period - Joe Colborne wins face-off versus Mika Zibanejad in neutral zone.
19:43 of 1st period - Slapshot by Mika Zibanejad.
19:43 of 1st period - Goal by Mika Zibanejad - Knights : 1 - Harfangs : 1.
19:44 of 1st period - Joe Colborne wins face-off versus Jean-Gabriel Pageau in neutral zone.
19:47 of 1st period - Wrist shot by Joe Colborne.
19:47 of 1st period - Shot Misses the Net.
Goals for this period are 1 for Knights vs 1 for Harfangs.
Shots for this period are 16 for Knights vs 15 for Harfangs.
2nd period
0:01 of 2nd period - Jean-Gabriel Pageau wins face-off versus James Wright in neutral zone.
0:04 of 2nd period - James Wright is hit by Dustin Jeffrey and loses puck.
0:27 of 2nd period - Brian Lashoff is hit by Zach Trotman and loses puck.
1:03 of 2nd period - Snap shot by Brett Connolly.
1:03 of 2nd period - Stopped by Darcy Kuemper with a rebound.
1:15 of 2nd period - Nathan Beaulieu is hit by Josh Jooris and loses puck.
1:24 of 2nd period - Wrist shot by Tomas Tatar.
1:24 of 2nd period - Shot Misses the Net.
1:40 of 2nd period - Snap shot by Michael Raffl.
1:40 of 2nd period - Stopped by Darcy Kuemper with a rebound.
1:42 of 2nd period - Snap shot by James Wright.
1:42 of 2nd period - Shot Blocked by Mark Alt.
2:00 of 2nd period - Slapshot by Mika Zibanejad.
2:00 of 2nd period - Stopped by Jeff Glass without a rebound.
2:01 of 2nd period - Joe Colborne wins face-off versus Mika Zibanejad in Knights zone.
2:13 of 2nd period - Snap shot by Jason Zucker.
2:13 of 2nd period - Stopped by Darcy Kuemper without a rebound.
2:14 of 2nd period - James Wright wins face-off versus Jean-Gabriel Pageau in Harfangs zone.
2:15 of 2nd period - Wrist shot by Michael Raffl.
2:15 of 2nd period - Deflect By Kevin Hayes.
2:15 of 2nd period - Shot Misses the Net.
2:15 of 2nd period - Puck is out of play.
2:16 of 2nd period - James Wright wins face-off versus Jean-Gabriel Pageau in Harfangs zone.
3:04 of 2nd period - Slapshot by Andrew Orpik.
3:04 of 2nd period - Shot Blocked by Joe Colborne.
3:12 of 2nd period - Snap shot by Mike Hoffman.
3:12 of 2nd period - Deflect By Calle Jarnkrok.
3:12 of 2nd period - Goal by Calle Jarnkrok - Knights : 1 - Harfangs : 2.
3:13 of 2nd period - Jean-Gabriel Pageau wins face-off versus James Wright in neutral zone.
3:38 of 2nd period - Mika Zibanejad is hit by Ronalds Kenins and loses puck.
4:05 of 2nd period - Slapshot by Tomas Tatar.
4:05 of 2nd period - Stopped by Jeff Glass with a rebound.
4:07 of 2nd period - Snap shot by Brandon Pirri.
4:07 of 2nd period - Stopped by Jeff Glass with a rebound.
4:09 of 2nd period - Slapshot by Brian Lashoff.
4:09 of 2nd period - Stopped by Jeff Glass without a rebound.
4:10 of 2nd period - James Wright wins face-off versus Jean-Gabriel Pageau in Knights zone.
4:47 of 2nd period - Snap shot by Brock Nelson.
4:47 of 2nd period - Goal by Brock Nelson - Knights : 1 - Harfangs : 3.
4:48 of 2nd period - Jean-Gabriel Pageau wins face-off versus Brett Connolly in neutral zone.
4:52 of 2nd period - Off-side.
4:53 of 2nd period - Cody Bass wins face-off versus Jean-Gabriel Pageau in neutral zone.
4:56 of 2nd period - Wrist shot by Ronalds Kenins.
4:56 of 2nd period - Stopped by Darcy Kuemper with a rebound.
4:58 of 2nd period - Wrist shot by Tomas Kundratek.
4:58 of 2nd period - Stopped by Darcy Kuemper with a rebound.
5:00 of 2nd period - Wrist shot by Tomas Kundratek.
5:00 of 2nd period - Deflect By Brett Connolly.
5:00 of 2nd period - Stopped by Darcy Kuemper with a rebound.
5:02 of 2nd period - Wrist shot by Nikita Nikitin.
5:02 of 2nd period - Shot Misses the Net.
5:04 of 2nd period - Slapshot by Tomas Kundratek.
5:04 of 2nd period - Stopped by Darcy Kuemper with a rebound.
5:06 of 2nd period - Slapshot by Nikita Nikitin.
5:06 of 2nd period - Shot Misses the Net.
5:08 of 2nd period - Slapshot by Nikita Nikitin.
5:08 of 2nd period - Shot Misses the Net.
5:48 of 2nd period - Slapshot by Andrew Orpik.
5:48 of 2nd period - Shot Blocked by Tomas Kundratek.
5:50 of 2nd period - Snap shot by Nathan Beaulieu.
5:50 of 2nd period - Shot Blocked by Tomas Kundratek.
6:08 of 2nd period - Tomas Kundratek is hit by Calle Jarnkrok and loses puck.
6:27 of 2nd period - Slapshot by Nikita Nikitin.
6:27 of 2nd period - Deflect By Cody Bass.
6:27 of 2nd period - Shot Misses the Net.
6:27 of 2nd period - Puck is out of play.
6:28 of 2nd period - James Wright wins face-off versus Mika Zibanejad in Harfangs zone.
6:31 of 2nd period - Snap shot by Michael Raffl.
6:31 of 2nd period - Stopped by Darcy Kuemper without a rebound.
6:32 of 2nd period - James Wright wins face-off versus Mika Zibanejad in Harfangs zone.
6:33 of 2nd period - Snap shot by Kevin Hayes.
6:33 of 2nd period - Deflect By James Wright.
6:33 of 2nd period - Goal by James Wright - Knights : 2 - Harfangs : 3.
6:34 of 2nd period - James Wright wins face-off versus Jean-Gabriel Pageau in neutral zone.
6:39 of 2nd period - Wrist shot by James Wright.
6:39 of 2nd period - Shot Misses the Net.
6:41 of 2nd period - Slapshot by Scott Lehman.
6:41 of 2nd period - Shot Blocked by Cam Fowler.
6:43 of 2nd period - Slapshot by Kevin Hayes.
6:43 of 2nd period - Goal by Kevin Hayes - Knights : 3 - Harfangs : 3.
6:44 of 2nd period - Jean-Gabriel Pageau wins face-off versus Joe Colborne in neutral zone.
7:15 of 2nd period - Wrist shot by Kevin Hayes.
7:15 of 2nd period - Shot Misses the Net.
7:17 of 2nd period - Slapshot by Nikita Nikitin.
7:17 of 2nd period - Deflect By Brian Lashoff.
7:17 of 2nd period - Stopped by Darcy Kuemper without a rebound.
7:18 of 2nd period - Brandon Pirri wins face-off versus Cody Bass in Harfangs zone.
7:27 of 2nd period - Tomas Tatar is hit by Ronalds Kenins and loses puck.
7:41 of 2nd period - Icing by Cody Bass.
7:42 of 2nd period - James Wright wins face-off versus Jean-Gabriel Pageau in Knights zone.
7:57 of 2nd period - Dennis Everberg is hit by Nikita Nikitin and loses puck.
8:12 of 2nd period - Snap shot by Brock Nelson.
8:12 of 2nd period - Shot Misses the Net.
8:14 of 2nd period - Slapshot by Emerson Etem.
8:14 of 2nd period - Stopped by Jeff Glass with a rebound.
8:16 of 2nd period - Snap shot by Brock Nelson.
8:16 of 2nd period - Stopped by Jeff Glass with a rebound.
8:57 of 2nd period - Off-side.
8:58 of 2nd period - Calle Jarnkrok wins face-off versus Cody Bass in neutral zone.
9:01 of 2nd period - Slapshot by Sebastian Wannstrom.
9:01 of 2nd period - Stopped by Jeff Glass with a rebound.
9:03 of 2nd period - Wrist shot by Mike Hoffman.
9:03 of 2nd period - Shot Blocked by Zach Trotman.
9:40 of 2nd period - Snap shot by Cody Bass.
9:40 of 2nd period - Shot Misses the Net.
10:00 of 2nd period - Snap shot by Mike Hoffman.
10:00 of 2nd period - Stopped by Jeff Glass with a rebound.
10:02 of 2nd period - Slapshot by Calle Jarnkrok.
10:02 of 2nd period - Shot Blocked by Tomas Kundratek.
10:04 of 2nd period - Slapshot by Mark Alt.
10:04 of 2nd period - Shot Blocked by Tomas Kundratek.
10:06 of 2nd period - Snap shot by Calle Jarnkrok.
10:06 of 2nd period - Stopped by Jeff Glass with a rebound.
10:18 of 2nd period - Snap shot by Calle Jarnkrok.
10:18 of 2nd period - Deflect By Sebastian Wannstrom.
10:18 of 2nd period - Stopped by Jeff Glass without a rebound.
10:19 of 2nd period - Jean-Gabriel Pageau wins face-off versus James Wright in Knights zone.
10:50 of 2nd period - Off-side.
10:51 of 2nd period - Brandon Pirri wins face-off versus Joe Colborne in neutral zone.
11:00 of 2nd period - Slapshot by Brandon Pirri.
11:00 of 2nd period - Stopped by Jeff Glass without a rebound.
11:01 of 2nd period - Joe Colborne wins face-off versus Jean-Gabriel Pageau in Knights zone.
11:32 of 2nd period - Wrist shot by Linden Vey.
11:32 of 2nd period - Stopped by Darcy Kuemper with a rebound.
11:45 of 2nd period - Off-side.
11:46 of 2nd period - James Wright wins face-off versus Brandon Pirri in neutral zone.
11:48 of 2nd period - Scott Lehman is hit by Cam Fowler and loses puck.
11:51 of 2nd period - Slapshot by Scott Lehman.
11:51 of 2nd period - Shot Misses the Net.
11:56 of 2nd period - Minor Penalty to Tomas Tatar for Tripping.
11:57 of 2nd period - James Wright wins face-off versus Dustin Jeffrey in Harfangs zone.
12:07 of 2nd period - Slapshot by Nikita Nikitin.
12:07 of 2nd period - Shot Misses the Net.
12:09 of 2nd period - Snap shot by Nikita Nikitin.
12:09 of 2nd period - Stopped by Darcy Kuemper without a rebound.
12:10 of 2nd period - Dustin Jeffrey wins face-off versus James Wright in Harfangs zone.
12:44 of 2nd period - Icing by Linden Vey.
12:45 of 2nd period - Joe Colborne wins face-off versus Dustin Jeffrey in Knights zone.
13:06 of 2nd period - Snap shot by Jason Zucker.
13:06 of 2nd period - Shot Misses the Net.
13:08 of 2nd period - Wrist shot by Linden Vey.
13:08 of 2nd period - Shot Misses the Net.
13:10 of 2nd period - Slapshot by Tomas Kundratek.
13:10 of 2nd period - Stopped by Darcy Kuemper with a rebound.
13:12 of 2nd period - Slapshot by Nikita Nikitin.
13:12 of 2nd period - Shot Hit the Post.
13:14 of 2nd period - Snap shot by Joe Colborne.
13:14 of 2nd period - Shot Misses the Net.
13:20 of 2nd period - Slapshot by Joe Colborne.
13:20 of 2nd period - Stopped by Darcy Kuemper with a rebound.
13:22 of 2nd period - Slapshot by Nikita Nikitin.
13:22 of 2nd period - Deflect By Andrew Orpik.
13:22 of 2nd period - Stopped by Darcy Kuemper without a rebound.
13:23 of 2nd period - Calle Jarnkrok wins face-off versus James Wright in Harfangs zone.
13:56 of 2nd period - Penalty to Tomas Tatar is over, Tomas Tatar is back on ice.
14:04 of 2nd period - Snap shot by Tomas Tatar.
14:04 of 2nd period - Shot Misses the Net.
14:49 of 2nd period - Backhand shot by Alan Quine.
14:49 of 2nd period - Deflect By A.J. Jenks.
14:49 of 2nd period - Shot Misses the Net.
14:49 of 2nd period - Puck is out of play.
14:50 of 2nd period - Dustin Jeffrey wins face-off versus Alan Quine in Harfangs zone.
15:03 of 2nd period - Wrist shot by A.J. Jenks.
15:03 of 2nd period - Shot Blocked by Dustin Jeffrey.
15:05 of 2nd period - Slapshot by Michael Stone.
15:05 of 2nd period - Deflect By Mark Alt.
15:05 of 2nd period - Stopped by Darcy Kuemper with a rebound.
15:15 of 2nd period - Michael Raffl is hit by Joel Armia and loses puck.
16:14 of 2nd period - Icing by Scott Jackson.
16:15 of 2nd period - Alan Quine wins face-off versus Dennis Everberg in Knights zone.
16:40 of 2nd period - Linden Vey is hit by Nathan Beaulieu and loses puck.
16:41 of 2nd period - Linden Vey from Knights is injured at 16:41 of 2nd period (Upper Body).
16:42 of 2nd period - Jean-Gabriel Pageau wins face-off versus James Wright in Knights zone.
17:09 of 2nd period - Zach Trotman is hit by Brock Nelson and loses puck.
17:27 of 2nd period - Icing by Jason Zucker.
17:28 of 2nd period - Cody Bass wins face-off versus Brandon Pirri in Knights zone.
17:33 of 2nd period - Wrist shot by Cody Bass.
17:33 of 2nd period - Stopped by Darcy Kuemper without a rebound.
17:34 of 2nd period - Cody Bass wins face-off versus Joel Armia in Harfangs zone.
17:35 of 2nd period - Snap shot by Ronalds Kenins.
17:35 of 2nd period - Goal by Ronalds Kenins - Knights : 4 - Harfangs : 3.
17:36 of 2nd period - Jean-Gabriel Pageau wins face-off versus James Wright in neutral zone.
18:56 of 2nd period - Icing by Andrew Orpik.
18:57 of 2nd period - Calle Jarnkrok wins face-off versus Alan Quine in Harfangs zone.
Goals for this period are 3 for Knights vs 2 for Harfangs.
Shots for this period are 19 for Knights vs 13 for Harfangs.
3rd period
0:01 of 3rd period - Jean-Gabriel Pageau wins face-off versus James Wright in neutral zone.
0:54 of 3rd period - Slapshot by Brian Lashoff.
0:54 of 3rd period - Stopped by Jeff Glass without a rebound.
0:55 of 3rd period - James Wright wins face-off versus Brandon Pirri in Knights zone.
1:42 of 3rd period - Icing by Tomas Kundratek.
1:43 of 3rd period - Calle Jarnkrok wins face-off versus Joe Colborne in Knights zone.
1:44 of 3rd period - Wrist shot by Mike Hoffman.
1:44 of 3rd period - Stopped by Jeff Glass without a rebound.
1:45 of 3rd period - Calle Jarnkrok wins face-off versus Kevin Hayes in Knights zone.
2:01 of 3rd period - Icing by Nikita Nikitin.
2:02 of 3rd period - James Wright wins face-off versus Jean-Gabriel Pageau in Knights zone.
2:10 of 3rd period - Off-side.
2:11 of 3rd period - Jean-Gabriel Pageau wins face-off versus Cody Bass in neutral zone.
2:14 of 3rd period - Slapshot by Jean-Gabriel Pageau.
2:14 of 3rd period - Shot Misses the Net.
2:16 of 3rd period - Slapshot by Brian Lashoff.
2:16 of 3rd period - Stopped by Jeff Glass with a rebound.
2:41 of 3rd period - Snap shot by Mika Zibanejad.
2:41 of 3rd period - Shot Blocked by James Wright.
3:24 of 3rd period - Wrist shot by Sebastian Wannstrom.
3:24 of 3rd period - Shot Blocked by Nikita Nikitin.
5:17 of 3rd period - Minor Penalty to Scott Lehman for Roughing.
5:18 of 3rd period - Jean-Gabriel Pageau wins face-off versus James Wright in Knights zone.
7:17 of 3rd period - Penalty to Scott Lehman is over, Scott Lehman is back on ice.
7:48 of 3rd period - Mike Hoffman is hit by Scott Lehman and loses puck.
8:18 of 3rd period - Mike Hoffman is hit by Jason Zucker and loses puck.
8:27 of 3rd period - Zach Trotman is hit by Calle Jarnkrok and loses puck.
8:34 of 3rd period - Sebastian Wannstrom is hit by Zach Trotman and loses puck.
8:35 of 3rd period - Sebastian Wannstrom from Harfangs is injured at 8:35 of 3rd period (Right Knee).
8:36 of 3rd period - Joe Colborne wins face-off versus Jean-Gabriel Pageau in Harfangs zone.
8:47 of 3rd period - Wrist shot by Joe Colborne.
8:47 of 3rd period - Shot Misses the Net.
8:49 of 3rd period - Wrist shot by Jason Zucker.
8:49 of 3rd period - Deflect By Joe Colborne.
8:49 of 3rd period - Goal by Joe Colborne - Knights : 5 - Harfangs : 3.
8:50 of 3rd period - Cody Bass wins face-off versus Jean-Gabriel Pageau in neutral zone.
8:57 of 3rd period - Minor Penalty to Ronalds Kenins for Tripping.
8:58 of 3rd period - James Wright wins face-off versus Jean-Gabriel Pageau in Knights zone.
9:12 of 3rd period - Slapshot by Brian Lashoff.
9:12 of 3rd period - Deflect By Tomas Kundratek.
9:12 of 3rd period - Stopped by Jeff Glass without a rebound.
9:13 of 3rd period - James Wright wins face-off versus Jean-Gabriel Pageau in Knights zone.
10:05 of 3rd period - Icing by Andrew Orpik.
10:06 of 3rd period - Jean-Gabriel Pageau wins face-off versus Joe Colborne in Harfangs zone.
10:57 of 3rd period - Penalty to Ronalds Kenins is over, Ronalds Kenins is back on ice.
11:14 of 3rd period - Backhand shot by Ronalds Kenins.
11:14 of 3rd period - Shot Blocked by Brock Nelson.
11:53 of 3rd period - Wrist shot by Ronalds Kenins.
11:53 of 3rd period - Deflect By Michael Raffl.
11:53 of 3rd period - Shot Misses the Net.
11:53 of 3rd period - Puck is out of play.
11:54 of 3rd period - Jean-Gabriel Pageau wins face-off versus Alan Quine in Harfangs zone.
11:54 of 3rd period - Jean-Gabriel Pageau is hit by Alan Quine.
12:21 of 3rd period - Cody Bass is hit by Andrew Orpik and loses puck.
12:42 of 3rd period - Snap shot by James Wright.
12:42 of 3rd period - Stopped by Darcy Kuemper with a rebound.
13:37 of 3rd period - Dustin Jeffrey is hit by Zach Trotman and loses puck.
14:10 of 3rd period - Tomas Tatar is hit by Josh Jooris and loses puck.
16:08 of 3rd period - Off-side.
16:09 of 3rd period - Mika Zibanejad wins face-off versus Ronalds Kenins in neutral zone.
16:19 of 3rd period - Dennis Everberg is hit by Alan Quine and loses puck.
16:30 of 3rd period - Nikita Nikitin is hit by Dustin Jeffrey and loses puck.
Goals for this period are 1 for Knights vs 0 for Harfangs.
Shots for this period are 2 for Knights vs 4 for Harfangs.
Back to the Top